[Event "Late-Titled-Tuesday-Blitz-March-19-2024"]
[Site "Chess.com"]
[Date "2024.03.19"]
[Round "8"]
[White "GoltsevDmitry2000"]
[Black "dropstoneDP"]
[Result "1/2-1/2"]
[WhiteElo "2778"]
[BlackElo "2985"]
[TimeControl "180+1"]
[EndTime "15:24:59 PDT"]
[Termination "Game drawn by repetition"]

1. e4 e5 2. Nf3 Nf6 3. Nxe5 d6 4. Nf3 Nxe4 5. d3 Nf6 6. d4 d5 7. c4 Bb4+ 8. Nc3 O-O 9. Be2 dxc4 10. Bxc4 Nc6 11. O-O Bg4 12. Bg5 h6 13. Bh4 Bxf3 14.
Qxf3 Qxd4 15. Bxf6 Qxf6 16. Qxf6 gxf6 17. Nd5 Kg7 18.
Nxc7 Rac8 19. Nd5 Rfd8 20. Rfd1 Bc5 21. Rac1 Nb4 22. Nxb4 Bxb4 23. Rxd8 Rxd8 24. Bb3 Ba5 25. Rd1 Rxd1+ 26. Bxd1 f5 27. Kf1 Kf6 28. Ke2 Bc7 29. h3 Be5 30. b3 b5 31. Bc2 a5 32. Bd3 b4 33. Bc4 Bd4 34. f4 Bb6 35. Kf3 Bc7 36. Bd5 Bb6 37. Bc4 Bc7 38. Bd5 Bb6 39. Bc4 1/2-1/2

[Event "Late-Titled-Tuesday-Blitz-March-19-2024"]
[Site "Chess.com"]
[Date "2024.03.19"]
[Round "8"]
[White "Fandorine"]
[Black "Mikhail_Golubev"]
[Result "1-0"]
[WhiteElo "2935"]
[BlackElo "2734"]
[TimeControl "180+1"]
[EndTime "15:24:59 PDT"]
[Termination "Fandorine won by resignation"]

1. d4 Nf6 2. c4 g6 3. Nc3 Bg7 4. e4 d6 5. Nf3 O-O 6. Be2 e5 7. O-O h6 8. d5 Na6 9. a3 Nc5 10. Qc2 a5 11. Be3 a4 12. Bxc5 dxc5 13. Nxe5 Nxd5 14.
Nxf7 Ne3 15. fxe3 Rxf7 16. Rxf7 Kxf7 17. Rf1+ Kg8 18. Nxa4 Qe7 19. Nc3 Be5 20. Nd5 Qh4 21. Nf4 Bd7 22. Qd1 Rd8 23. Qd5+ 1-0

[Event "Late-Titled-Tuesday-Blitz-March-19-2024"]
[Site "Chess.com"]
[Date "2024.03.19"]
[Round "8"]
[White "ThaBarWa"]
[Black "MoldyTofu"]
[Result "1-0"]
[WhiteElo "2340"]
[BlackElo "2088"]
[TimeControl "180+1"]
[EndTime "15:25:01 PDT"]
[Termination "ThaBarWa won by resignation"]

1. e4 e5 2. Nf3 Nc6 3. Bc4 Nf6 4. d3 Bc5 5. c3 a6 6. O-O O-O 7. Bb3 Bb6 8. Bg5 h6 9. Bh4 d6 10. Nbd2 Be6 11. Bc2 Ne7 12. Bxf6 gxf6 13. d4 Ng6 14. Re1 Qc8 15. Nf1 Bg4 16. Ne3 Bxf3 17. Qxf3 exd4 18. Nf5 dxc3 19. Nxh6+ Kg7 20. Nf5+ Kg8 21. Qh5 cxb2 22. Qh6 Qxf5 23. exf5 bxa1=Q 24. Rxa1 Ne5 25. a4 Bxf2+ 26. Kf1 Bd4 27. Ra3 Ng4 28. Rg3 1-0

[Event "Late-Titled-Tuesday-Blitz-March-19-2024"]
[Site "Chess.com"]
[Date "2024.03.19"]
[Round "8"]
[White "nihalsarin"]
[Black "mbojan"]
[Result "1-0"]
[WhiteElo "3156"]
[BlackElo "2814"]
[TimeControl "180+1"]
[EndTime "15:25:07 PDT"]
[Termination "nihalsarin won on time"]

1. e4 c5 2. Nc3 e6 3. f4 d5 4. Nf3 dxe4 5. Nxe4 Nc6 6. Bb5 Bd7 7. O-O Nh6 8. d3 Be7 9. Kh1 Nf5 10. a4 O-O 11. Ne5 Nxe5 12. fxe5 Bxb5 13. axb5 Qd5 14. Bf4 c4 15. Nc3 Qc5 16. Qg4 cxd3 17. cxd3 Kh8 18. Rf3 Rad8 19. Raf1 Rd4 20. Qh3 a6 21. bxa6 bxa6 22.
Ne4 Qc7 23. Bg5 Bxg5 24. Nxg5 h6 25. g4 Rxg4 26. Nxf7+ Rxf7 27. Qxg4 Qxe5 28. Qe4 Qd6 29. Re1 Rf6 30. d4 Qb6 31. d5 exd5 32. Qxd5 Qb5 33.
Qxb5 axb5 34. Re5 Nd4 35. Rxf6 gxf6 36. Rd5 1-0

[Event "Late-Titled-Tuesday-Blitz-March-19-2024"]
[Site "Chess.com"]
[Date "2024.03.19"]
[Round "8"]
[White "cthake"]
[Black "rcmz"]
[Result "1-0"]
[WhiteElo "1833"]
[BlackElo "2209"]
[TimeControl "180+1"]
[EndTime "15:25:09 PDT"]
[Termination "cthake won by resignation"]

1. e4 a6 2. b3 e6 3. Bb2 b5 4. g3 Bb7 5. Bg2 c5 6. Ne2 Nf6 7. d3 d5 8. exd5 Bxd5 9. O-O Be7 10. Nd2 Nbd7 11. Ne4 Bxe4 12. dxe4 e5 13. Nc3 O-O 14.
Nd5 Re8 15. Nxe7+ Qxe7 16. Qe2 Nb6 17. Rad1 Red8 18. Rxd8+ Rxd8 19. Rd1 c4 20. Rxd8+ Qxd8 21. Bxe5 h6 22. h4 h5 23. Bxf6 Qxf6 24. Qxh5 Qa1+ 25. Kh2 Qxa2 26. Qc5 Qa5 27. b4 Qa3 28.
Qxb6 Qxb4 29. Qxa6 Qc5 30. Qa8+ Kh7 31. Qd5 Qb6 32.
Qxf7 c3 33. e5 Qd4 34. e6 b4 35. e7 1-0

[Event "Late-Titled-Tuesday-Blitz-March-19-2024"]
[Site "Chess.com"]
[Date "2024.03.19"]
[Round "8"]
[White "chucksterf10"]
[Black "Vahe_Danielyan"]
[Result "0-1"]
[WhiteElo "2557"]
[BlackElo "2664"]
[TimeControl "180+1"]
[EndTime "15:25:15 PDT"]
[Termination "Vahe_Danielyan won by checkmate"]

1. f4 e5 2. fxe5 d6 3. exd6 Bxd6 4. Nf3 Bg4 5. e3 Nc6 6. Be2 Qe7 7. O-O O-O-O 8. Nc3 Nf6 9. d4 Kb8 10. a3 h5 11. b4 h4 12. b5 Bxf3 13. Bxf3 Ne5 14.
dxe5 Qxe5 15. Bd2 Qxh2+ 16. Kf2 Be5 17. Qc1 h3 18. Rg1 hxg2 19. Rxg2 Qh4+ 20. Ke2 Bxc3 21.
Bxc3 Qc4+ 22. Kf2 Qxc3 23. Kg1 Nd5 24. Qe1 Qe5 25. Rd1 Nxe3 26. Rxd8+ Rxd8 27. Re2 Qg5+ 28. Kf2 Qh4+ 29. Kxe3 Qd4# 0-1

[Event "Late-Titled-Tuesday-Blitz-March-19-2024"]
[Site "Chess.com"]
[Date "2024.03.19"]
[Round "8"]
[White "dretch"]
[Black "Grischuk"]
[Result "0-1"]
[WhiteElo "2893"]
[BlackElo "3049"]
[TimeControl "180+1"]
[EndTime "15:25:16 PDT"]
[Termination "Grischuk won by resignation"]

1. d4 e6 2. c4 b6 3. e4 Bb4+ 4.
Bd2 Bxd2+ 5. Qxd2 d5 6. cxd5 exd5 7. e5 Ne7 8. Bb5+ c6 9. Bd3 c5 10. Nf3 Nbc6 11. dxc5 bxc5 12. O-O Bg4 13. Re1 Bxf3 14. gxf3 O-O 15. Nc3 Nd4 16. Kg2 Ng6 17. Re3 Qg5+ 18.
Kh1 Nh4 19. Rg1 Qxg1+ 20. Kxg1 Nhxf3+ 21. Kg2 Nxd2 22. Nxd5 Rfd8 23. Nc7 Rac8 24. Na6 c4 25. Be4 Nxe4 26. Rxe4 Ne6 0-1

[Event "Late-Titled-Tuesday-Blitz-March-19-2024"]
[Site "Chess.com"]
[Date "2024.03.19"]
[Round "8"]
[White "Masterisback04"]
[Black "uzkuzk"]
[Result "0-1"]
[WhiteElo "1953"]
[BlackElo "2487"]
[TimeControl "180+1"]
[EndTime "15:25:17 PDT"]
[Termination "uzkuzk won on time"]

1. e4 e5 2. Nc3 f5 3. f4 exf4 4. Nf3 fxe4 5. Nxe4 d5 6. Neg5 Nf6 7. Bd3 Nc6 8. O-O Bc5+ 9. Kh1 O-O 10. c3 h6 11. Nh3 Ne4 12. Nhg1 Bg4 13. Bc2 Nf2+ 14. Rxf2 Bxf2 15. d4 Be3 16. Bxe3 fxe3 17. Qd3 Bf5 18. Qe2 Qe7 19. Re1 Rae8 20. Bxf5 Rxf5 21. h3 Qe4 22. Nh2 Rf2 23. Qg4 Rxb2 24. Ngf3 Rxa2 25. Qxe4 Rxe4 0-1

[Event "Late-Titled-Tuesday-Blitz-March-19-2024"]
[Site "Chess.com"]
[Date "2024.03.19"]
[Round "8"]
[White "AlexTruskavetsky"]
[Black "Truequitos"]
[Result "1-0"]
[WhiteElo "2662"]
[BlackElo "2552"]
[TimeControl "180+1"]
[EndTime "15:25:22 PDT"]
[Termination "AlexTruskavetsky won by resignation"]

1. d4 d5 2. c4 Nc6 3. Nc3 Nf6 4.
cxd5 Nxd5 5. e4 Nxc3 6. bxc3 e5 7. Nf3 exd4 8. cxd4 Bb4+ 9. Bd2 Bxd2+ 10. Qxd2 O-O 11. d5 Ne7 12. Bc4 Re8 13. O-O Ng6 14. Rfe1 Ne5 15.
Nxe5 Rxe5 16. f4 Re8 17. e5 Bf5 18. Rad1 Qe7 19. d6 cxd6 20. exd6 Qd7 21. Qb4 a6 22.
Bd5 Rab8 23. Re7 Rxe7 24. dxe7 Be6 25. Bb3 Qe8 26. Qd6 Ra8 27. Bxe6 fxe6 28. Qxe6+ Kh8 29.
Rd7 Rc8 30. h3 h6 31. Qd5 Kh7 32. Qe4+ g6 33. Qd5 Kg7 34. Rd8 Rc1+ 35. Kh2 Qxe7 36.
Rd7 1-0

[Event "Late-Titled-Tuesday-Blitz-March-19-2024"]
[Site "Chess.com"]
[Date "2024.03.19"]
[Round "8"]
[White "Marcan2b"]
[Black "JoakimVonAnd"]
[Result "1-0"]
[WhiteElo "2929"]
[BlackElo "2714"]
[TimeControl "180+1"]
[EndTime "15:25:24 PDT"]
[Termination "Marcan2b won by resignation"]

1. e4 c6 2. d4 d5 3. Nc3 dxe4 4. Nxe4 Bf5 5. Ng3 Bg6 6. h4 h6 7. Bd3 Bxd3 8. Qxd3 e6 9. N1e2 Nf6 10. Bd2 c5 11. O-O-O Nc6 12. Qb5 Qb6 13. Qa4 cxd4 14. Kb1 O-O-O 15. Nf4 e5 16. Nfe2 Bb4 17. Bc1 Rhe8 18.
h5 Nd5 19. Nf5 Bf8 20. Rh3 Qb4 21. Qxb4 Ndxb4 22. Rg3 g6 23. hxg6 fxg6 24. Rxg6 h5 25.
c3 d3 26. Neg3 Na6 27. Nxh5 e4 28. Be3 Bc5 29. Bxc5 Nxc5 30. Nd6+ Kb8 31. Nxe8 Rxe8 32. Nf6 Rf8 33. b4 Ne5 34. bxc5 Nxg6 35. Nd7+ Kc7 36. Nxf8 Nxf8 37. f3 Ne6 38. fxe4 Nxc5 39. Kc1 Kd6 40. Kd2 Ke5 41. Ke3 b5 42. Rxd3 Nxd3 43.
Kxd3 a5 44. Ke3 b4 45. cxb4 axb4 46. Kd3 1-0

[Event "Late-Titled-Tuesday-Blitz-March-19-2024"]
[Site "Chess.com"]
[Date "2024.03.19"]
[Round "8"]
[White "katharinareinecke"]
[Black "carloseduar100"]
[Result "0-1"]
[WhiteElo "1989"]
[BlackElo "2254"]
[TimeControl "180+1"]
[EndTime "15:25:29 PDT"]
[Termination "carloseduar100 won by resignation"]

1. d4 e6 2. Nf3 d5 3. c4 c6 4.
g3 dxc4 5. Bg2 b5 6. O-O Bb7 7. a4 Nd7 8. b3 cxb3 9. Qxb3 a6 10. Ne5 Nxe5 11. dxe5 Ne7 12. axb5 axb5 13. Rxa8 Bxa8 14.
Rd1 Qc7 15. Nc3 Nd5 16. Nxd5 exd5 17. f4 Bc5+ 18. Kh1 O-O 19. e4 dxe4 20. Bxe4 Be7 21. Qd3 Rd8 22. Qc2 Rxd1+ 23. Qxd1 g6 24. Qf3 b4 25.
Bb2 Bb7 26. Kg2 Qd7 27. Qf2 c5 28. Qe2 Bxe4+ 29. Qxe4 Qd2+ 30. Kh3 Qxb2 31. Qa8+ Bf8 32. e6 fxe6 33. Qc6 Qf6 34. Kg2 Qf5 35. Qc8 e5 36. fxe5 Qxc8 0-1

[Event "Late-Titled-Tuesday-Blitz-March-19-2024"]
[Site "Chess.com"]
[Date "2024.03.19"]
[Round "8"]
[White "kleber2007"]
[Black "ZachHKL"]
[Result "0-1"]
[WhiteElo "2474"]
[BlackElo "2237"]
[TimeControl "180+1"]
[EndTime "15:25:31 PDT"]
[Termination "ZachHKL won by resignation"]

1. d4 d5 2. c4 c6 3. cxd5 cxd5 4. Bf4 Nf6 5. Nc3 Nc6 6. e3 a6 7.
Be2 Bf5 8. Nf3 e6 9. Qb3 Na5 10. Qa4+ Nc6 11. Ne5 Ng8 12. Nxc6 bxc6 13. Qxc6+ Ke7 14.
O-O h6 15. Rac1 g5 16. Qb7+ Ke8 17. Be5 f6 18. Bc7 Qc8 19. Qc6+ Kf7 20. e4 Ne7 21. Bh5+ Kg7 22. Qb6 dxe4 23. Rfe1 Qd7 24. Nxe4 Nd5 25. Qa5 Bb4 26. Nxf6 Kxf6 27. Be5+ Ke7 28. Rc7 Bxa5 29. Rxd7+ Kxd7 30. Rd1 Rhc8 31. Bf3 g4 32. Be2 Rc2 33. Bf1 Rac8 34. a3 Rc1 0-1

[Event "Late-Titled-Tuesday-Blitz-March-19-2024"]
[Site "Chess.com"]
[Date "2024.03.19"]
[Round "8"]
[White "Tugrik1969"]
[Black "jaramsdal"]
[Result "1-0"]
[WhiteElo "2395"]
[BlackElo "2278"]
[TimeControl "180+1"]
[EndTime "15:25:31 PDT"]
[Termination "Tugrik1969 won by resignation"]

1. d4 d5 2. c4 c6 3. Nf3 Nf6 4. Nc3 e6 5. g3 dxc4 6. Bg2 b5 7. Ne5 Nd5 8. O-O Bd6 9. Ne4 Bxe5 10.
dxe5 O-O 11. b3 c3 12. Qc2 Na6 13. Nxc3 Nab4 14. Qd2 Qc7 15. Bb2 Nxc3 16. Qxc3 Nd5 17. Qc5 Qb6 18. Rac1 Qxc5 19. Rxc5 Bb7 20. Bxd5 exd5 21.
Bd4 Rfe8 22. f4 g6 23. g4 Bc8 24. f5 gxf5 25. gxf5 Bxf5 26. Rxf5 1-0

[Event "Late-Titled-Tuesday-Blitz-March-19-2024"]
[Site "Chess.com"]
[Date "2024.03.19"]
[Round "8"]
[White "CheckThis4"]
[Black "Alex_Sahakyan2006"]
[Result "1-0"]
[WhiteElo "2689"]
[BlackElo "2807"]
[TimeControl "180+1"]
[EndTime "15:25:37 PDT"]
[Termination "CheckThis4 won by resignation"]

1. e4 c6 2. d4 d5 3. e5 Bf5 4.
Nf3 e6 5. Be2 c5 6. Be3 Nc6 7.
O-O Qb6 8. Nc3 c4 9. b3 Qa5 10. Na4 c3 11. Nh4 Nge7 12. a3 b6 13. g4 Be4 14. f3 Bg6 15. Nxg6 Nxg6 16. Qd3 Rc8 17.
Qa6 Be7 18. Qxc8+ Nd8 19. Qxc3 1-0

[Event "Late-Titled-Tuesday-Blitz-March-19-2024"]
[Site "Chess.com"]
[Date "2024.03.19"]
[Round "8"]
[White "Kopytkin"]
[Black "rhwr"]
[Result "1-0"]
[WhiteElo "2418"]
[BlackElo "2300"]
[TimeControl "180+1"]
[EndTime "15:25:37 PDT"]
[Termination "Kopytkin won by resignation"]

1. d4 c5 2. e4 cxd4 3. c3 dxc3 4.
Nxc3 Nc6 5. Nf3 e6 6. Bc4 Qc7 7.
Nb5 Qb8 8. O-O a6 9. Nbd4 b5 10. Bb3 Bc5 11. Be3 Nxd4 12. Nxd4 Qb6 13. Rc1 Nf6 14. Nxe6 Bxe3 15. Nc7+ Kf8 16. Nxa8 Qb7 17.
Qd6+ Ke8 18. fxe3 Qxa8 19. e5 Ne4 20. Bxf7+ Kd8 21. Qd5 Bb7 22. Qd4 Ke7 23. Rc7 Rd8 24. Qb4+ 1-0

[Event "Late-Titled-Tuesday-Blitz-March-19-2024"]
[Site "Chess.com"]
[Date "2024.03.19"]
[Round "8"]
[White "Alexei_Gubajdullin"]
[Black "Irishchessman16"]
[Result "0-1"]
[WhiteElo "2631"]
[BlackElo "2540"]
[TimeControl "180+1"]
[EndTime "15:25:40 PDT"]
[Termination "Irishchessman16 won by resignation"]

1. Nf3 Nf6 2. g3 b5 3. Bg2 Bb7 4. O-O c5 5. d3 e6 6. Nc3 b4 7. Na4 Be7 8. a3 a5 9. Be3 d6 10. Nd2 Bxg2 11. Kxg2 O-O 12. c4 Ng4 13. Nb3 Nxe3+ 14.
fxe3 Bg5 15. Rf3 Nc6 16. Nd2 Ne5 17. Rf1 Ng4 18. Rf3 Nxe3+ 19. Rxe3 Bxe3 20. Nf3 Bg5 21. b3 Bf6 22. Ra2 bxa3 23. Rxa3 Rb8 24. e4 Qc7 25. g4 g6 26. h4 Bg7 27. h5 Qe7 28. Qd2 f5 29.
gxf5 exf5 30. h6 Be5 31. Ng5 fxe4 32. dxe4 Qf6 33. Kh3 Qf1+ 34. Qg2 Qd3+ 35. Kh4 Rf4+ 0-1

[Event "Late-Titled-Tuesday-Blitz-March-19-2024"]
[Site "Chess.com"]
[Date "2024.03.19"]
[Round "8"]
[White "albi1999"]
[Black "GMKrikor"]
[Result "1-0"]
[WhiteElo "2625"]
[BlackElo "2813"]
[TimeControl "180+1"]
[EndTime "15:25:42 PDT"]
[Termination "albi1999 won by checkmate"]

1. Nf3 d5 2. e3 Nf6 3. c4 e6 4. b3 Bd6 5. Bb2 O-O 6. Nc3 a6 7. d4 b6 8. Bd3 Bb7 9. cxd5 exd5 10. Ne5 c5 11. O-O Nc6 12. Ne2 Re8 13. f4 Ne4 14.
Bxe4 dxe4 15. Nxc6 Bxc6 16. dxc5 bxc5 17. Ng3 Bf8 18. Qg4 f6 19. Rfd1 Qe7 20. Nf5 Qc7 21. Bxf6 Re6 22. Nh6+ Kh8 23. Qxe6 gxf6 24. Qg8# 1-0

[Event "Late-Titled-Tuesday-Blitz-March-19-2024"]
[Site "Chess.com"]
[Date "2024.03.19"]
[Round "8"]
[White "KorolDimitriy75"]
[Black "kriscacco"]
[Result "0-1"]
[WhiteElo "2377"]
[BlackElo "2126"]
[TimeControl "180+1"]
[EndTime "15:25:44 PDT"]
[Termination "kriscacco won on time"]

1. d4 Nf6 2. c4 c5 3. d5 d6 4. Nc3 g6 5. e4 Bg7 6. Nf3 O-O 7. h3 Na6 8. Bd3 Nc7 9. O-O a6 10. a4 b6 11. Re1 Nd7 12. Qc2 Rb8 13. Bf4 f6 14. Bg3 Ne5 15. Nd2 Nf7 16. f4 Bd7 17. Nf3 e5 18. dxe6 Nxe6 19. Rad1 Qc8 20. Nd5 Re8 21.
Re2 Nc7 22. Rde1 Nxd5 23. cxd5 b5 24. axb5 axb5 25. b3 Qa6 26. e5 dxe5 27. fxe5 fxe5 28. Nxe5 Nxe5 29. Bxe5 Bxe5 30. Rxe5 Rxe5 31. Rxe5 Qd6 32. Qe2 Ra8 33. Qe3 Ra1+ 34. Bf1 Rd1 35. Re4 Rxd5 0-1

[Event "Late-Titled-Tuesday-Blitz-March-19-2024"]
[Site "Chess.com"]
[Date "2024.03.19"]
[Round "8"]
[White "secretsuperstar7"]
[Black "Kimkibo"]
[Result "0-1"]
[WhiteElo "2480"]
[BlackElo "2306"]
[TimeControl "180+1"]
[EndTime "15:25:52 PDT"]
[Termination "Kimkibo won by resignation"]

1. c4 e5 2. Nc3 Nf6 3. g3 c6 4. Nf3 e4 5. Nd4 d5 6. cxd5 cxd5 7.
Bg2 Nc6 8. Nxc6 bxc6 9. O-O Bd6 10. d4 h5 11. Bg5 h4 12. Rc1 hxg3 13. fxg3 Bh3 14. Qe1 Bxg2 15. Kxg2 Rxh2+ 16. Kxh2 Ng4+ 17. Kg1 Qxg5 18. e3 Nxe3 19. Ne2 Nxf1 20. Kxf1 Kd7 21.
Qc3 Rc8 22. b4 a6 23. a4 Rc7 24. Kg2 Qg4 25. Rc2 f5 26. Kf2 f4 27. Nxf4 Bxf4 28. gxf4 Qxf4+ 29. Ke2 Qh2+ 30. Kd1 Qg1+ 31. Kd2 Qf1 32.
Qh3+ Qxh3 0-1

[Event "Late-Titled-Tuesday-Blitz-March-19-2024"]
[Site "Chess.com"]
[Date "2024.03.19"]
[Round "8"]
[White "ameetghasi100"]
[Black "Rud_Makarian"]
[Result "0-1"]
[WhiteElo "2800"]
[BlackElo "3005"]
[TimeControl "180+1"]
[EndTime "15:25:53 PDT"]
[Termination "Rud_Makarian won by resignation"]

1. Nf3 Nf6 2. e3 d5 3. d4 c5 4. Be2 Nc6 5. O-O cxd4 6. exd4 Bg4 7. Bf4 e6 8. Nbd2 Bd6 9. Bg3 Bxg3 10. hxg3 h5 11.
c3 Qd6 12. Re1 g6 13. Rc1 Kf8 14. Qb3 Kg7 15. Bd3 Bxf3 16. Nxf3 Ng4 17. c4 h4 18. gxh4 Rxh4 19. g3 Rh3 20. Ne5 Rah8 21. Nxg4 Rxg3+ 22. fxg3 Qxg3+ 23. Kf1 Rh1+ 24. Ke2 Nxd4+ 25. Kd2 Nxb3+ 26.
axb3 Rxe1 27. Rxe1 Qxg4 28. cxd5 exd5 29. Rf1 f5 30. Be2 Qd4+ 31. Kc2 Kf6 32. Bf3 g5 33. Rd1 Qf2+ 0-1

[Event "Late-Titled-Tuesday-Blitz-March-19-2024"]
[Site "Chess.com"]
[Date "2024.03.19"]
[Round "8"]
[White "profedechess93"]
[Black "steepedgames"]
[Result "1-0"]
[WhiteElo "2658"]
[BlackElo "2527"]
[TimeControl "180+1"]
[EndTime "15:25:54 PDT"]
[Termination "profedechess93 won by resignation"]

1. e4 e6 2. d4 d5 3. Nc3 Nf6 4. Bg5 Bb4 5. e5 h6 6. Bd2 Bxc3 7. bxc3 Ne4 8. Qg4 g6 9. Bd3 Nxd2 10. Kxd2 c5 11. Nf3 Nc6 12. Rab1 Qa5 13. Rb5 Qc7 14. Rxc5 a6 15. Qh4 b6 16. Qf6 Rf8 17. Rxc6 Qxc6 18. h4 Bd7 19. h5 gxh5 20. Rxh5 Rc8 21. c4 dxc4 22. Bh7 Qa4 23. Rxh6 c3+ 24. Ke3 Bc6 25. Bg6 Qc4 26. Bxf7+ Kd7 27. Bxe6+ Kc7 28. Qe7+ 1-0

[Event "Late-Titled-Tuesday-Blitz-March-19-2024"]
[Site "Chess.com"]
[Date "2024.03.19"]
[Round "8"]
[White "MetiForce"]
[Black "KNVB"]
[Result "1-0"]
[WhiteElo "2919"]
[BlackElo "2802"]
[TimeControl "180+1"]
[EndTime "15:25:56 PDT"]
[Termination "MetiForce won on time"]

1. c4 c5 2. Nf3 b6 3. e3 Bb7 4. d4 cxd4 5. exd4 e6 6. Bd3 Nf6 7. O-O d5 8. Nc3 Be7 9. cxd5 Nxd5 10. Ne5 O-O 11. Qh5 g6 12. Qh3 Nxc3 13. bxc3 Nd7 14.
Bh6 Nxe5 15. dxe5 Qc7 16. Bxf8 Bxf8 17. Rfe1 Qxc3 18. Qg3 Rd8 19. Be4 Qxg3 20. hxg3 Bxe4 21. Rxe4 Rd2 22. Kf1 Bc5 23. Re2 Rxe2 24. Kxe2 Bd4 25. Rd1 Bxe5 26. Rd7 a5 27. Kd3 a4 28. Ra7 1-0

[Event "Late-Titled-Tuesday-Blitz-March-19-2024"]
[Site "Chess.com"]
[Date "2024.03.19"]
[Round "8"]
[White "MathiasWomacka"]
[Black "Viktor_Poddubnyi"]
[Result "1-0"]
[WhiteElo "2499"]
[BlackElo "2302"]
[TimeControl "180+1"]
[EndTime "15:25:56 PDT"]
[Termination "MathiasWomacka won by resignation"]

1. e4 g6 2. d4 Bg7 3. Nc3 d6 4. f4 Nf6 5. Nf3 O-O 6. Bd3 c5 7. dxc5 dxc5 8. O-O Nc6 9. Be3 b6 10. Kh1 Bb7 11. e5 Nd5 12. Nxd5 Qxd5 13. Qe2 Nd4 14.
Nxd4 cxd4 15. Bd2 Rac8 16. b3 e6 17. Bb4 Rfd8 18. Rad1 Rd7 19. Bd6 Bf8 20. Bc4 Qc6 21. Bb5 Rxd6 22. Bxc6 Rdxc6 23. Rxd4 Rxc2 24. Rd2 Ba6 25. Qxa6 1-0

[Event "Late-Titled-Tuesday-Blitz-March-19-2024"]
[Site "Chess.com"]
[Date "2024.03.19"]
[Round "8"]
[White "Zampronha1971"]
[Black "BabageldiAnnaberdiyev"]
[Result "0-1"]
[WhiteElo "2337"]
[BlackElo "2634"]
[TimeControl "180+1"]
[EndTime "15:25:57 PDT"]
[Termination "BabageldiAnnaberdiyev won by checkmate"]

1. e4 c5 2. Nf3 d6 3. d4 cxd4 4.
Nxd4 Nf6 5. Nc3 g6 6. Be3 Bg7 7. f3 O-O 8. Qd2 Nc6 9. Bc4 Ne5 10.
Bb3 Bd7 11. O-O-O Rc8 12. h4 h5 13. Bg5 Rc5 14. Kb1 b5 15. g4 a5 16. Bxf6 Bxf6 17.
gxh5 a4 18. hxg6 axb3 19. Nxb3 Rxc3 20. gxf7+ Nxf7 21. bxc3 Qc7 22. Nd4 Rc8 23. Rhg1+ Kh8 24. Rg6 Qxc3 25. Qxc3 Rxc3 26. Rg3 Rc4 27. Ne2 Be5 28. f4 Rxe4 29. fxe5 Rxe2 30. exd6 Nxd6 31. Rdg1 Be6 32. Rg5 Bf5 33. Rh5+ Bh7 34. Rgg5 Nc4 35. Rh6 Re1# 0-1

[Event "Late-Titled-Tuesday-Blitz-March-19-2024"]
[Site "Chess.com"]
[Date "2024.03.19"]
[Round "8"]
[White "TheRigos"]
[Black "CarlosjPineror"]
[Result "0-1"]
[WhiteElo "2568"]
[BlackElo "2679"]
[TimeControl "180+1"]
[EndTime "15:25:58 PDT"]
[Termination "CarlosjPineror won by resignation"]

1. Nf3 Nf6 2. g3 e6 3. Bg2 c5 4. O-O Be7 5. c4 O-O 6. d4 cxd4 7. Nxd4 a6 8. b3 Nc6 9. Bb2 Qc7 10. Nc3 d6 11.
Nxc6 bxc6 12. Qc2 Bb7 13. c5 d5 14. Na4 e5 15. e4 d4 16. f4 Nd7 17. fxe5 Qxe5 18.
Rf5 Qe6 19. Bxd4 Bf6 20. Rd1 Rad8 21. Qf2 Rfe8 22. h4 Qe7 23. Be3 Ne5 24. Rxd8 Rxd8 25. Qe2 Bc8 26. Rf4 h6 27. Nb6 Be6 28. Qxa6 Rd1+ 29.
Rf1 Rd3 30. Bf2 Qd8 31. Qa8 Qxa8 32. Nxa8 Ng4 33. Nc7 Bd7 34. Re1 Rd2 35. Rf1 Nxf2 36. b4 Bd4 37. Kh2 Ng4+ 38. Kh1 Ne3 0-1

[Event "Late-Titled-Tuesday-Blitz-March-19-2024"]
[Site "Chess.com"]
[Date "2024.03.19"]
[Round "8"]
[White "NoSpaghettiForYou"]
[Black "dennisodessa"]
[Result "1-0"]
[WhiteElo "2452"]
[BlackElo "2515"]
[TimeControl "180+1"]
[EndTime "15:25:58 PDT"]
[Termination "NoSpaghettiForYou won by resignation"]

1. Nf3 Nf6 2. e3 b6 3. d4 Bb7 4. Be2 g6 5. O-O Bg7 6. a4 O-O 7. a5 c5 8. c4 cxd4 9. exd4 d5 10. axb6 axb6 11. Rxa8 Bxa8 12. c5 Nbd7 13. b4 Ne4 14.
Bf4 e5 15. Nxe5 Nxe5 16. Bxe5 Bxe5 17. dxe5 bxc5 18. f3 Ng5 19. bxc5 Ne6 20. f4 Nxc5 21.
f5 Qg5 22. Qc1 Qxc1 23. Rxc1 Ne4 24. g4 Re8 25. Bb5 Rb8 26. Na3 d4 27. e6 fxe6 28. fxe6 Kf8 29. Rc7 Nd6 30. e7+ Kg8 31. Rd7 Nf7 32.
Rxd4 1-0

[Event "Late-Titled-Tuesday-Blitz-March-19-2024"]
[Site "Chess.com"]
[Date "2024.03.19"]
[Round "8"]
[White "diamonds13"]
[Black "cristiano78"]
[Result "1-0"]
[WhiteElo "2364"]
[BlackElo "2251"]
[TimeControl "180+1"]
[EndTime "15:25:59 PDT"]
[Termination "diamonds13 won by resignation"]

1. d4 Nf6 2. c4 g6 3. Nc3 Bg7 4. e4 d6 5. Be2 O-O 6. Be3 e5 7. d5 Nbd7 8. h3 Nc5 9. Qc2 a5 10. g4 h5 11. f3 hxg4 12. hxg4 Nh7 13. Qd2 f5 14. gxf5 gxf5 15. Bh6 f4 16. O-O-O Rf6 17. Bxg7 Kxg7 18. Nh3 Rg6 19. Rdg1 Bxh3 20. Rxg6+ Kxg6 21. Rxh3 Ng5 22. Rh1 Qf6 23. Bf1 Rh8 24. Rg1 Kf7 25. Qg2 Rg8 26. Qg4 Ke7 27. Nb5 Kd8 28. Bh3 Ke7 29. Nxc7 Rg7 30. Qc8 Qf8 31. Qg4 Nge6 32.
Qh4+ Qf6 33. Qxf6+ Kxf6 34. Ne8+ Kf7 35. dxe6+ Kxe8 36.
Rxg7 1-0

[Event "Late-Titled-Tuesday-Blitz-March-19-2024"]
[Site "Chess.com"]
[Date "2024.03.19"]
[Round "8"]
[White "jcibarra"]
[Black "mitrabhaa"]
[Result "0-1"]
[WhiteElo "2942"]
[BlackElo "3073"]
[TimeControl "180+1"]
[EndTime "15:26:00 PDT"]
[Termination "mitrabhaa won by resignation"]

1. e4 c6 2. Nf3 d5 3. d3 Bg4 4. h3 Bxf3 5. Qxf3 e6 6. g3 Nd7 7. Bg2 Bc5 8. O-O Ne7 9. c3 Ng6 10. d4 dxe4 11. Qxe4 Be7 12. h4 Nf6 13. Qe2 h6 14.
Nd2 Bd6 15. Nc4 Bc7 16. a4 O-O 17. Re1 Nd5 18. Bd2 Re8 19. h5 Nge7 20. Ne5 Nf5 21. Rad1 Nf6 22. Bc1 Qe7 23. Bh3 Nd6 24. Qf3 Nh7 25. Qe2 Rad8 26. Qc4 Nxc4 27. Nxc4 Nf6 28. g4 Nd5 29. Ne5 Bxe5 30. Rxe5 Qc7 31. Rde1 Kf8 32. f4 c5 33. c4 Nb4 34. Rxc5 Qd7 35. Rd1 Qxa4 36.
Rf1 Nd3 37. Ra5 Qxa5 0-1

[Event "Late-Titled-Tuesday-Blitz-March-19-2024"]
[Site "Chess.com"]
[Date "2024.03.19"]
[Round "8"]
[White "OverallStranger"]
[Black "Yurovskykh_Oleksandr"]
[Result "0-1"]
[WhiteElo "2382"]
[BlackElo "2583"]
[TimeControl "180+1"]
[EndTime "15:26:01 PDT"]
[Termination "Yurovskykh_Oleksandr won by checkmate"]

1. e4 e6 2. d4 d5 3. e5 c5 4. c3 Qb6 5. Nf3 Nc6 6. a3 c4 7. Nbd2 Na5 8. g3 Bd7 9. h4 Ne7 10.
Bh3 Qc7 11. O-O Nc8 12. Ne1 Nb6 13. f4 g6 14. h5 O-O-O 15. hxg6 hxg6 16. Kg2 Be7 17. Rh1 Kb8 18. Nef3 Rh7 19. Bg4 Rdh8 20. Rxh7 Rxh7 21.
Ng5 Bxg5 22. fxg5 Ba4 23. Qf1 Bc2 24. Nf3 Nb3 25. Ra2 Nc8 26. Bf4 Ne7 27. a4 Be4 28. a5 Nf5 29. Bxf5 gxf5 30. Kf2 Bxf3 31. Kxf3 a6 32. Ra4 Qd8 33. Qb1 Qh8 34. Qa2 Rh2 35.
g4 Qh3+ 36. Bg3 Qxg4+ 37. Ke3 Re2# 0-1